1822 views
Uploaded 2022-12-31 16:49:27
Game version 1.32.10
27:09 long 4on4 ladder game on (8)Feralas_LV
Saved by DKnight
1822 views
Uploaded 2022-12-31 16:49:27
Game version 1.32.10
27:09 long 4on4 ladder game on (8)Feralas_LV


164 units @ 21.4k
/ 2.4k
93 buildings @ 14.3k
/ 6.6k


| Healing Salve | 9 | 900 |
| Lesser Clarity Potion | 10 | 700 |
| Potion of Healing | 2 | 300 |
| Orb of Lightning | 1 | 375 |
| Potion of Mana | 2 | 400 |
| Scroll of Town Portal | 8 | 2800 |
| Scroll of Healing | 5 | 1250 |
| Potion of Lesser Invulnerability | 3 | 450 |
| Boots of Speed | 1 | 250 |
| Circlet of Nobility | 1 | 175 |
| total: | 42 | 7600g |
| Peon | 13 | 975 | / | 0 |
| Troll Headhunter | 10 | 1400 | / | 200 |
| Kodo Beast | 2 | 510 | / | 120 |
| Troll Batrider | 8 | 1280 | / | 320 |
| Forest Troll Shadow Priest | 1 | 195 | / | 10 |
| total: | 34 | 4360g | / | 650w |
| Watch Tower | 4 | 440 | / | 320 |
| Orc Burrow | 5 | 800 | / | 200 |
| Altar of Storms | 1 | 180 | / | 50 |
| Voodoo Lounge | 1 | 130 | / | 30 |
| War Mill | 1 | 205 | / | 0 |
| Barracks | 1 | 180 | / | 50 |
| Great Hall | 2 | 770 | / | 370 |
| Beastiary | 3 | 435 | / | 420 |
| Stronghold | 1 | 315 | / | 190 |
| Fortress | 1 | 325 | / | 190 |
| total: | 18 | 3140g | / | 1440w |
| 0:12 | Orc Burrow |
| 0:19 | Altar of Storms |
| 0:21 | Peon |
| 0:36 | Peon |
| 0:52 | Peon |
| 0:55 | Peon |
| 1:14 | Voodoo Lounge |
| 1:18 | Peon |
| 1:18 | Peon |
| 1:25 | War Mill |
| 1:43 | Barracks |
| 2:06 | Orc Burrow |
| 2:11 | Peon |
| 2:12 | Peon |
| 2:28 | Healing Salve |
| 2:29 | Lesser Clarity Potion |
| 2:34 | Lesser Clarity Potion |
| 2:36 | Shockwave |
| 2:48 | Troll Headhunter |
| 3:22 | Stronghold |
| 3:25 | Lesser Clarity Potion |
| 3:25 | Lesser Clarity Potion |
| 4:00 | Troll Headhunter |
| 4:03 | Steel Ranged Weapons |
| 4:13 | Endurance Aura |
| 4:34 | Orc Burrow |
| 4:38 | Troll Headhunter |
| 4:38 | Troll Headhunter |
| 5:23 | Steel Armor |
| 6:13 | Beastiary |
| 6:16 | Healing Salve |
| 6:16 | Healing Salve |
| 6:16 | Lesser Clarity Potion |
| 6:27 | Lesser Clarity Potion |
| 7:08 | Forest Troll Shadow Priest |
| 7:17 | Shockwave |
| 7:22 | Hex |
| 7:52 | Troll Headhunter |
| 7:56 | Healing Salve |
| 8:15 | Scroll of Town Portal |
| 8:18 | Potion of Healing |
| 8:43 | Great Hall |
| 8:50 | Kodo Beast |
| 9:17 | Potion of Lesser Invulnerability |
| 10:18 | Scroll of Town Portal |
| 10:18 | Healing Salve |
| 10:19 | Healing Salve |
| 10:19 | Lesser Clarity Potion |
| 10:52 | Scroll of Town Portal |
| 11:06 | Troll Headhunter |
| 11:18 | Peon |
| 11:19 | Peon |
| 12:19 | Troll Headhunter |
| 12:20 | Troll Headhunter |
| 12:21 | Kodo Beast |
| 12:23 | Thorium Ranged Weapons |
| 13:50 | Lesser Clarity Potion |
| 13:52 | Scroll of Town Portal |
| 13:53 | Orb of Lightning |
| 13:59 | Lesser Clarity Potion |
| 13:59 | Potion of Mana |
| 14:00 | Potion of Mana |
| 14:13 | Watch Tower |
| 14:17 | Orc Burrow |
| 14:20 | Scroll of Healing |
| 14:23 | Boots of Speed |
| 14:28 | Scroll of Healing |
| 14:37 | Scroll of Town Portal |
| 14:46 | Troll Headhunter |
| 14:46 | Troll Headhunter |
| 14:49 | Fortress |
| 15:12 | Healing Wave |
| 15:33 | Endurance Aura |
| 15:59 | Healing Salve |
| 15:59 | Healing Salve |
| 16:19 | Troll Batrider |
| 16:19 | Troll Batrider |
| 16:23 | Potion of Healing |
| 16:35 | Watch Tower |
| 16:40 | Reinforced Defenses |
| 16:41 | Thorium Armor |
| 16:56 | Beastiary |
| 16:59 | Beastiary |
| 17:40 | Troll Batrider |
| 17:40 | Troll Batrider |
| 17:40 | Troll Batrider |
| 17:42 | Spiked Barricades |
| 18:20 | Scroll of Town Portal |
| 18:52 | Watch Tower |
| 19:24 | Troll Batrider |
| 19:34 | Scroll of Town Portal |
| 19:44 | Potion of Lesser Invulnerability |
| 19:45 | Scroll of Healing |
| 19:52 | Scroll of Healing |
| 19:56 | Circlet of Nobility |
| 20:26 | Healing Wave |
| 21:05 | Shockwave |
| 22:01 | Reincarnation |
| 22:50 | Great Hall |
| 23:15 | Troll Batrider |
| 23:34 | Healing Salve |
| 23:34 | Lesser Clarity Potion |
| 23:37 | Scroll of Town Portal |
| 24:23 | Troll Batrider |
| 24:30 | Orc Burrow |
| 24:35 | Potion of Lesser Invulnerability |
| 24:38 | Scroll of Healing |
| 25:34 | Peon |
| 25:34 | Peon |
| 25:35 | Peon |
| 26:05 | Watch Tower |
| Right click | 991 |
| Select group | 629 |
| Select | 276 |
| Build/train/purchase | 116 |
| Use ability | 83 |
| Misc. action | 30 |
| Minimap ping | 18 |
| Assign group | 16 |
| Item give/drop | 6 |
| Resource trade | 6 |

| Lesser Clarity Potion | 1 | 70 |
| Scroll of Town Portal | 1 | 350 |
| total: | 2 | 420g |
| Peon | 10 | 750 | / | 0 |
| Troll Headhunter | 9 | 1260 | / | 180 |
| Shaman | 9 | 1170 | / | 180 |
| Troll Berserker | 10 | 1400 | / | 200 |
| total: | 38 | 4580g | / | 560w |
| Watch Tower | 10 | 1100 | / | 800 |
| Orc Burrow | 5 | 800 | / | 200 |
| War Mill | 1 | 205 | / | 0 |
| Altar of Storms | 1 | 180 | / | 50 |
| Barracks | 2 | 360 | / | 100 |
| Voodoo Lounge | 1 | 130 | / | 30 |
| Spirit Lodge | 1 | 150 | / | 150 |
| Stronghold | 1 | 315 | / | 190 |
| Fortress | 1 | 325 | / | 190 |
| total: | 21 | 2925g | / | 1330w |
| 0:03 | Peon |
| 0:03 | Peon |
| 0:03 | Peon |
| 0:14 | Peon |
| 0:22 | Orc Burrow |
| 0:36 | War Mill |
| 0:53 | Altar of Storms |
| 1:02 | Peon |
| 1:08 | Barracks |
| 1:18 | Peon |
| 1:22 | Peon |
| 1:35 | Peon |
| 1:50 | Orc Burrow |
| 1:53 | Peon |
| 2:01 | Peon |
| 2:14 | Troll Headhunter |
| 2:31 | Troll Headhunter |
| 2:52 | Stronghold |
| 3:06 | Troll Headhunter |
| 3:11 | Feral Spirit |
| 3:20 | Troll Headhunter |
| 3:34 | Troll Headhunter |
| 3:58 | Watch Tower |
| 4:00 | Troll Headhunter |
| 4:17 | Orc Burrow |
| 5:03 | Chain Lighting |
| 5:16 | Spirit Lodge |
| 5:36 | Barracks |
| 5:38 | Fortress |
| 5:52 | Troll Regeneration |
| 6:05 | Feral Spirit |
| 6:26 | Watch Tower |
| 6:35 | Watch Tower |
| 6:43 | Troll Headhunter |
| 6:44 | Troll Headhunter |
| 6:46 | Shaman Adept Training |
| 7:02 | Steel Ranged Weapons |
| 7:36 | Watch Tower |
| 7:59 | Shaman Master Training |
| 8:01 | Berserker Upgrade |
| 8:08 | Shaman |
| 8:08 | Shaman |
| 8:16 | Orc Burrow |
| 8:30 | Troll Headhunter |
| 8:43 | Chain Lighting |
| 10:24 | Watch Tower |
| 10:29 | Watch Tower |
| 10:33 | Watch Tower |
| 10:58 | Spiked Barricades |
| 12:19 | Shaman |
| 12:21 | Troll Berserker |
| 12:21 | Troll Berserker |
| 12:32 | Watch Tower |
| 12:35 | Watch Tower |
| 13:14 | Voodoo Lounge |
| 13:16 | Reinforced Defenses |
| 13:17 | Thorium Ranged Weapons |
| 13:57 | Feral Spirit |
| 14:31 | Troll Berserker |
| 14:31 | Troll Berserker |
| 14:31 | Troll Berserker |
| 14:33 | Shaman |
| 14:33 | Shaman |
| 14:33 | Shaman |
| 14:57 | Scroll of Town Portal |
| 15:03 | Lesser Clarity Potion |
| 15:16 | Improved Spiked Barricades |
| 15:17 | Steel Armor |
| 16:31 | Watch Tower |
| 16:40 | Orc Burrow |
| 18:52 | Arcanite Ranged Weapons |
| 19:10 | Earth Quake |
| 20:52 | Chain Lighting |
| 21:34 | Far Sight |
| 21:37 | Troll Berserker |
| 21:37 | Troll Berserker |
| 21:38 | Troll Berserker |
| 21:39 | Shaman |
| 21:39 | Shaman |
| 21:39 | Shaman |
| 24:58 | Troll Berserker |
| 24:58 | Troll Berserker |
| Right click | 1404 |
| Select | 302 |
| Select group | 232 |
| Assign group | 97 |
| Build/train/purchase | 85 |
| Minimap ping | 26 |
| Use ability | 21 |
| Misc. action | 15 |
| Resource trade | 5 |
| Item give/drop | 2 |
| Remove unit | 1 |


| Orb of Lightning | 1 | 375 |
| Scroll of Town Portal | 1 | 350 |
| total: | 2 | 725g |
| Peon | 11 | 825 | / | 0 |
| Grunt | 16 | 3200 | / | 0 |
| Troll Headhunter | 10 | 1400 | / | 200 |
| Shaman | 6 | 780 | / | 120 |
| Troll Berserker | 4 | 560 | / | 80 |
| total: | 47 | 6765g | / | 400w |
| Watch Tower | 9 | 990 | / | 720 |
| Orc Burrow | 6 | 960 | / | 240 |
| Altar of Storms | 2 | 360 | / | 100 |
| War Mill | 1 | 205 | / | 0 |
| Barracks | 2 | 360 | / | 100 |
| Voodoo Lounge | 1 | 130 | / | 30 |
| Great Hall | 2 | 770 | / | 370 |
| Spirit Lodge | 2 | 300 | / | 300 |
| Stronghold | 1 | 315 | / | 190 |
| Fortress | 1 | 325 | / | 190 |
| total: | 25 | 4075g | / | 1860w |
| 0:05 | Peon |
| 0:05 | Peon |
| 0:05 | Peon |
| 0:23 | Orc Burrow |
| 0:36 | Altar of Storms |
| 0:52 | Orc Burrow |
| 1:14 | Peon |
| 1:15 | Peon |
| 1:20 | War Mill |
| 1:27 | Peon |
| 1:27 | Peon |
| 1:44 | Peon |
| 2:03 | Barracks |
| 2:20 | Peon |
| 2:20 | Peon |
| 2:20 | Peon |
| 2:39 | Wind Walk |
| 3:05 | Grunt |
| 3:06 | Troll Headhunter |
| 3:08 | Barracks |
| 3:24 | Grunt |
| 3:41 | Orc Burrow |
| 4:06 | Stronghold |
| 4:21 | Troll Headhunter |
| 4:40 | Grunt |
| 5:19 | Grunt |
| 5:20 | Troll Headhunter |
| 5:25 | Critical Strike |
| 5:33 | Troll Headhunter |
| 5:49 | Orc Burrow |
| 6:57 | Grunt |
| 7:47 | Voodoo Lounge |
| 7:55 | Steel Melee Weapons |
| 7:58 | Steel Ranged Weapons |
| 8:02 | Healing Wave |
| 8:12 | Troll Headhunter |
| 8:28 | Troll Regeneration |
| 8:35 | Berserker Strength |
| 8:44 | Pillage |
| 9:34 | Wind Walk |
| 10:15 | Great Hall |
| 11:03 | Watch Tower |
| 11:05 | Watch Tower |
| 11:09 | Watch Tower |
| 11:11 | Watch Tower |
| 11:14 | Watch Tower |
| 12:22 | Watch Tower |
| 12:24 | Watch Tower |
| 12:27 | Watch Tower |
| 12:33 | Watch Tower |
| 13:20 | Hex |
| 13:51 | Fortress |
| 14:37 | Grunt |
| 14:37 | Troll Headhunter |
| 14:40 | Grunt |
| 14:40 | Troll Headhunter |
| 14:51 | Spirit Lodge |
| 14:53 | Orc Burrow |
| 14:59 | Spirit Lodge |
| 15:01 | Orc Burrow |
| 15:31 | Grunt |
| 15:32 | Troll Headhunter |
| 16:00 | Scroll of Town Portal |
| 16:12 | Orb of Lightning |
| 16:16 | Shaman |
| 16:17 | Shaman |
| 16:21 | Shaman Adept Training |
| 16:25 | Steel Armor |
| 16:33 | Thorium Melee Weapons |
| 16:54 | Troll Headhunter |
| 16:58 | Berserker Upgrade |
| 17:21 | Shaman Master Training |
| 17:26 | Troll Headhunter |
| 17:33 | Shaman |
| 17:33 | Shaman |
| 18:18 | Critical Strike |
| 18:21 | Healing Wave |
| 20:19 | Grunt |
| 20:19 | Troll Berserker |
| 20:20 | Grunt |
| 20:29 | Altar of Storms |
| 20:34 | Shaman |
| 20:34 | Shaman |
| 20:37 | Grunt |
| 21:08 | Arcanite Melee Weapons |
| 21:09 | Thorium Armor |
| 21:10 | Thorium Ranged Weapons |
| 21:11 | Spiked Barricades |
| 22:36 | Great Hall |
| 22:50 | Grunt |
| 23:06 | Troll Berserker |
| 25:21 | Grunt |
| 25:22 | Troll Berserker |
| 25:23 | Grunt |
| 26:58 | Grunt |
| 26:59 | Troll Berserker |
| 26:59 | Grunt |
| Right click | 441 |
| Select | 294 |
| Build/train/purchase | 90 |
| Assign group | 34 |
| Use ability | 25 |
| Minimap ping | 23 |
| Select group | 22 |
| Resource trade | 5 |
| Item give/drop | 3 |
| Misc. action | 2 |

| Tiny Great Hall | 1 | 600 |
| Lesser Clarity Potion | 5 | 350 |
| Potion of Mana | 10 | 2000 |
| Healing Salve | 4 | 400 |
| Scroll of Speed | 3 | 150 |
| Potion of Healing | 1 | 150 |
| Scroll of Town Portal | 4 | 1400 |
| Boots of Speed | 3 | 750 |
| Potion of Lesser Invulnerability | 1 | 150 |
| total: | 32 | 5950g |
| Peon | 17 | 1275 | / | 0 |
| Troll Headhunter | 6 | 840 | / | 120 |
| Troll Berserker | 7 | 980 | / | 140 |
| Raider | 8 | 1440 | / | 320 |
| Grunt | 1 | 200 | / | 0 |
| Troll Batrider | 6 | 960 | / | 240 |
| total: | 45 | 5695g | / | 820w |
| Watch Tower | 8 | 880 | / | 640 |
| Altar of Storms | 1 | 180 | / | 50 |
| Orc Burrow | 8 | 1280 | / | 320 |
| War Mill | 1 | 205 | / | 0 |
| Barracks | 2 | 360 | / | 100 |
| Voodoo Lounge | 4 | 520 | / | 120 |
| Spirit Lodge | 2 | 300 | / | 300 |
| Beastiary | 3 | 435 | / | 420 |
| Stronghold | 1 | 315 | / | 190 |
| Fortress | 1 | 325 | / | 190 |
| total: | 29 | 4160g | / | 1950w |
| 0:02 | Peon |
| 0:02 | Peon |
| 0:03 | Peon |
| 0:10 | Altar of Storms |
| 0:18 | Orc Burrow |
| 0:25 | Peon |
| 0:31 | Peon |
| 0:49 | Peon |
| 1:19 | War Mill |
| 1:23 | Peon |
| 1:24 | Peon |
| 1:49 | Peon |
| 1:56 | Stronghold |
| 2:13 | Shockwave |
| 2:17 | Barracks |
| 2:26 | Barracks |
| 2:46 | Orc Burrow |
| 3:17 | Voodoo Lounge |
| 3:22 | Troll Headhunter |
| 3:39 | Troll Headhunter |
| 4:07 | Troll Headhunter |
| 4:16 | Troll Headhunter |
| 4:24 | Fortress |
| 5:06 | Troll Regeneration |
| 5:07 | Troll Headhunter |
| 5:40 | Troll Headhunter |
| 5:55 | Endurance Aura |
| 6:01 | Orc Burrow |
| 6:01 | Orc Burrow |
| 6:35 | Voodoo Lounge |
| 6:46 | Shockwave |
| 6:51 | Berserker Upgrade |
| 6:58 | Spirit Lodge |
| 7:00 | Spirit Lodge |
| 7:18 | Peon |
| 7:19 | Peon |
| 7:19 | Peon |
| 7:41 | Tiny Great Hall |
| 7:59 | Lesser Clarity Potion |
| 7:59 | Potion of Mana |
| 8:00 | Potion of Mana |
| 8:01 | Potion of Mana |
| 8:01 | Potion of Mana |
| 8:01 | Potion of Mana |
| 8:12 | Peon |
| 8:20 | Troll Berserker |
| 8:30 | Troll Berserker |
| 8:39 | Troll Berserker |
| 8:41 | Endurance Aura |
| 8:45 | Orc Burrow |
| 8:54 | Boots of Speed |
| 8:54 | Boots of Speed |
| 9:10 | Peon |
| 9:12 | Voodoo Lounge |
| 9:24 | Troll Berserker |
| 9:38 | Troll Berserker |
| 9:47 | Beastiary |
| 9:56 | Boots of Speed |
| 10:18 | Healing Salve |
| 10:18 | Lesser Clarity Potion |
| 10:33 | Potion of Mana |
| 10:37 | Scroll of Speed |
| 10:37 | Potion of Healing |
| 10:42 | Troll Berserker |
| 10:44 | Beastiary |
| 11:01 | Troll Berserker |
| 11:39 | Raider |
| 11:41 | Pillage |
| 11:41 | Steel Melee Weapons |
| 11:44 | Voodoo Lounge |
| 12:01 | Raider |
| 12:02 | Healing Salve |
| 12:02 | Lesser Clarity Potion |
| 12:05 | Potion of Mana |
| 12:11 | Potion of Mana |
| 12:12 | Scroll of Town Portal |
| 12:14 | Scroll of Speed |
| 12:29 | Grunt |
| 12:32 | Raider |
| 12:32 | Ensnare |
| 12:35 | Peon |
| 12:50 | Raider |
| 12:51 | Shaman Adept Training |
| 12:52 | Thorium Melee Weapons |
| 13:02 | Potion of Lesser Invulnerability |
| 13:16 | Raider |
| 13:46 | Scroll of Town Portal |
| 13:48 | Healing Salve |
| 13:56 | Raider |
| 14:19 | Arcanite Melee Weapons |
| 14:27 | Shockwave |
| 14:49 | Raider |
| 14:50 | Steel Armor |
| 15:07 | Reinforced Defenses |
| 15:08 | Watch Tower |
| 15:36 | Raider |
| 15:37 | Shaman Master Training |
| 15:51 | Troll Batrider |
| 15:53 | Beastiary |
| 16:02 | Healing Salve |
| 16:07 | Lesser Clarity Potion |
| 16:07 | Potion of Mana |
| 16:09 | Scroll of Town Portal |
| 16:09 | Potion of Mana |
| 16:16 | Watch Tower |
| 16:18 | Watch Tower |
| 16:30 | Liquid Fire |
| 16:36 | Scroll of Speed |
| 16:39 | Watch Tower |
| 16:57 | Watch Tower |
| 16:57 | Watch Tower |
| 17:33 | Watch Tower |
| 17:34 | Watch Tower |
| 18:01 | Reincarnation |
| 18:40 | Orc Burrow |
| 18:41 | Orc Burrow |
| 18:41 | Orc Burrow |
| 18:46 | Scroll of Town Portal |
| 18:48 | Lesser Clarity Potion |
| 19:49 | Troll Batrider |
| 20:09 | Peon |
| 20:11 | Peon |
| 20:15 | Troll Batrider |
| 20:26 | Troll Batrider |
| 20:44 | Troll Batrider |
| 21:11 | Endurance Aura |
| 21:22 | Troll Batrider |
| Right click | 1372 |
| Select group | 1322 |
| Select | 638 |
| Misc. action | 317 |
| Build/train/purchase | 136 |
| Minimap ping | 101 |
| Use ability | 93 |
| Assign group | 76 |
| Chat | 16 |
| Esc | 9 |
| Item give/drop | 7 |
174 units @ 23.7k
/ 2.6k
75 buildings @ 12.5k
/ 4.5k



| Rod of Necromancy | 2 | 300 |
| Ritual Dagger | 2 | 250 |
| Potion of Healing | 1 | 150 |
| Scroll of Town Portal | 1 | 350 |
| Potion of Lesser Invulnerability | 1 | 150 |
| total: | 7 | 1200g |
| Acolyte | 14 | 1050 | / | 0 |
| Ghoul | 12 | 1440 | / | 0 |
| Obsidian Statue | 11 | 2200 | / | 385 |
| Gargoyle | 4 | 700 | / | 120 |
| Abomination | 2 | 480 | / | 140 |
| Forest Troll Shadow Priest | 1 | 195 | / | 10 |
| total: | 44 | 6065g | / | 655w |
| Spirit Tower | 1 | 145 | / | 40 |
| Crypt | 1 | 200 | / | 50 |
| Ziggurat | 6 | 900 | / | 300 |
| Altar of Darkness | 1 | 180 | / | 50 |
| Tomb of Relics | 1 | 130 | / | 30 |
| Graveyard | 1 | 215 | / | 0 |
| Slaughterhouse | 4 | 560 | / | 540 |
| Halls of the Dead | 1 | 320 | / | 210 |
| Black Citadel | 1 | 325 | / | 230 |
| total: | 14 | 2185g | / | 970w |
| 0:10 | Acolyte |
| 0:18 | Crypt |
| 0:26 | Ziggurat |
| 0:32 | Altar of Darkness |
| 0:42 | Acolyte |
| 1:12 | Tomb of Relics |
| 1:16 | Ziggurat |
| 1:27 | Ghoul |
| 1:48 | Ghoul |
| 2:08 | Graveyard |
| 2:15 | Ghoul |
| 2:22 | Acolyte |
| 2:38 | Sleep |
| 2:41 | Rod of Necromancy |
| 2:47 | Ritual Dagger |
| 3:22 | Ghoul |
| 3:31 | Ghoul |
| 4:05 | Vampiric Aura |
| 4:49 | Ghoul |
| 4:52 | Acolyte |
| 4:52 | Acolyte |
| 4:53 | Acolyte |
| 4:53 | Acolyte |
| 4:53 | Acolyte |
| 5:36 | Ghoul |
| 5:36 | Ghoul |
| 5:43 | Ziggurat |
| 5:45 | Ziggurat |
| 5:46 | Ziggurat |
| 5:50 | Halls of the Dead |
| 6:33 | Vampiric Aura |
| 6:57 | Ghoul |
| 7:22 | Ghoul |
| 7:50 | Spirit Tower |
| 7:59 | Rod of Necromancy |
| 8:00 | Ritual Dagger |
| 8:10 | Creature Attack |
| 8:14 | Black Citadel |
| 8:20 | Slaughterhouse |
| 8:49 | Slaughterhouse |
| 8:52 | Slaughterhouse |
| 8:57 | Ghoul |
| 9:01 | Creature Carapace |
| 9:34 | Obsidian Statue |
| 9:37 | Gargoyle |
| 9:39 | Improved Creature Attack |
| 9:46 | Death Coil |
| 10:23 | Obsidian Statue |
| 10:25 | Improved Creature Carapace |
| 10:29 | Gargoyle |
| 11:42 | Destroyer Form |
| 11:43 | Obsidian Statue |
| 12:17 | Advanced Creature Attack |
| 12:28 | Potion of Healing |
| 13:03 | Frost Armor |
| 15:06 | Obsidian Statue |
| 16:03 | Obsidian Statue |
| 16:15 | Ziggurat |
| 16:17 | Acolyte |
| 16:17 | Acolyte |
| 16:18 | Acolyte |
| 16:18 | Acolyte |
| 16:18 | Acolyte |
| 16:18 | Acolyte |
| 17:39 | Obsidian Statue |
| 18:13 | Unholy Aura |
| 19:02 | Obsidian Statue |
| 19:17 | Frost Nova |
| 19:34 | Ghoul |
| 19:37 | Sleep |
| 20:52 | Abomination |
| 21:14 | Frost Armor |
| 22:10 | Obsidian Statue |
| 22:29 | Obsidian Statue |
| 22:30 | Gargoyle |
| 22:58 | Slaughterhouse |
| 23:02 | Gargoyle |
| 23:04 | Obsidian Statue |
| 23:28 | Death Coil |
| 23:58 | Forest Troll Shadow Priest |
| 24:16 | Abomination |
| 24:18 | Obsidian Statue |
| 25:26 | Scroll of Town Portal |
| 25:29 | Potion of Lesser Invulnerability |
| 26:17 | Frost Nova |
| 26:51 | Vampiric Aura |
| Right click | 349 |
| Select group | 313 |
| Select | 222 |
| Build/train/purchase | 93 |
| Use ability | 83 |
| Assign group | 70 |
| Misc. action | 25 |
| Item give/drop | 4 |
| Remove unit | 3 |


| Scroll of Town Portal | 2 | 700 |
| Scroll of Protection | 1 | 150 |
| total: | 3 | 850g |
| Wisp | 20 | 1200 | / | 0 |
| Archer | 21 | 2730 | / | 210 |
| Hippogryph | 13 | 2080 | / | 260 |
| total: | 54 | 6010g | / | 470w |
| Ancient Protector | 1 | 135 | / | 80 |
| Moon Well | 9 | 1620 | / | 360 |
| Altar of Elders | 1 | 180 | / | 50 |
| Ancient of War | 2 | 300 | / | 120 |
| Hunter's Hall | 1 | 210 | / | 100 |
| Tree of Life | 2 | 680 | / | 370 |
| Ancient of Wonders | 2 | 180 | / | 60 |
| Ancient of Wind | 2 | 300 | / | 280 |
| Tree of Ages | 1 | 320 | / | 180 |
| Tree of Eternity | 1 | 330 | / | 200 |
| total: | 20 | 3605g | / | 1420w |
| 0:04 | Wisp |
| 0:05 | Wisp |
| 0:05 | Wisp |
| 0:19 | Moon Well |
| 0:23 | Wisp |
| 0:25 | Wisp |
| 0:55 | Altar of Elders |
| 1:02 | Ancient of War |
| 1:04 | Wisp |
| 1:04 | Wisp |
| 1:43 | Moon Well |
| 2:07 | Archer |
| 2:09 | Archer |
| 2:18 | Hunter's Hall |
| 2:22 | Wisp |
| 2:39 | Archer |
| 2:49 | Wisp |
| 2:54 | Archer |
| 3:01 | Force of Nature |
| 3:27 | Tree of Ages |
| 3:29 | Archer |
| 3:45 | Moon Well |
| 3:47 | Archer |
| 4:16 | Moon Well |
| 4:24 | Thorns Aura |
| 4:46 | Strength of the Moon |
| 4:48 | Archer |
| 4:48 | Archer |
| 5:27 | Archer |
| 5:58 | Tree of Life |
| 6:10 | Ancient of Wind |
| 6:11 | Wisp |
| 6:12 | Wisp |
| 6:12 | Wisp |
| 6:19 | Moon Well |
| 6:32 | Entangling Roots |
| 7:15 | Ancient Protector |
| 7:16 | Hippogryph |
| 7:17 | Hippogryph |
| 7:17 | Hippogryph |
| 8:06 | Entangling Roots |
| 8:15 | Druid of the Talon Adept Training |
| 8:26 | Moon Well |
| 8:30 | Moon Armor |
| 8:35 | Wisp |
| 8:35 | Wisp |
| 8:35 | Wisp |
| 8:53 | Improved Bows |
| 9:18 | Trueshot Aura |
| 9:42 | Hippogryph |
| 9:42 | Hippogryph |
| 9:43 | Hippogryph |
| 9:43 | Hippogryph |
| 10:09 | Ancient of Wind |
| 10:29 | Archer |
| 10:29 | Archer |
| 10:29 | Archer |
| 10:36 | Ancient of War |
| 10:37 | Archer |
| 10:37 | Archer |
| 10:53 | Tree of Eternity |
| 12:02 | Archer |
| 12:04 | Archer |
| 12:31 | Hippogryph |
| 12:34 | Hippogryph |
| 12:36 | Archer |
| 13:07 | Hippogryph |
| 13:15 | Marksmanship |
| 13:16 | Archer |
| 13:38 | Ancient of Wonders |
| 15:04 | Wisp |
| 15:04 | Wisp |
| 15:05 | Wisp |
| 15:05 | Wisp |
| 15:37 | Moon Well |
| 16:09 | Wisp |
| 16:31 | Scroll of Town Portal |
| 16:33 | Scroll of Protection |
| 17:54 | Entangling Roots |
| 18:35 | Ancient of Wonders |
| 18:39 | Hippogryph |
| 18:40 | Hippogryph |
| 20:14 | Archer |
| 20:14 | Archer |
| 20:18 | Moon Well |
| 21:15 | Archer |
| 21:17 | Hippogryph |
| 21:26 | Improved Strength of the Moon |
| 23:48 | Moon Well |
| 23:53 | Tree of Life |
| 25:35 | Scroll of Town Portal |
| Right click | 550 |
| Select | 369 |
| Build/train/purchase | 88 |
| Misc. action | 41 |
| Chat | 39 |
| Assign group | 38 |
| Use ability | 37 |
| Select group | 31 |
| Item give/drop | 2 |
| Minimap ping | 1 |


| Rod of Necromancy | 3 | 450 |
| Potion of Healing | 1 | 150 |
| Orb of Corruption | 1 | 375 |
| Dust of Appearance | 2 | 150 |
| Scroll of Town Portal | 4 | 1400 |
| Potion of Lesser Invulnerability | 1 | 150 |
| total: | 12 | 2675g |
| Acolyte | 7 | 525 | / | 0 |
| Ghoul | 2 | 240 | / | 0 |
| Crypt Fiend | 13 | 2795 | / | 520 |
| Obsidian Statue | 9 | 1800 | / | 315 |
| Gargoyle | 1 | 175 | / | 30 |
| Abomination | 2 | 480 | / | 140 |
| total: | 34 | 6015g | / | 1005w |
| Spirit Tower | 4 | 580 | / | 160 |
| Crypt | 2 | 400 | / | 100 |
| Graveyard | 1 | 215 | / | 0 |
| Altar of Darkness | 1 | 180 | / | 50 |
| Ziggurat | 6 | 900 | / | 300 |
| Tomb of Relics | 1 | 130 | / | 30 |
| Necropolis | 1 | 225 | / | 0 |
| Slaughterhouse | 2 | 280 | / | 270 |
| Halls of the Dead | 2 | 640 | / | 420 |
| Black Citadel | 2 | 650 | / | 460 |
| total: | 14 | 2330g | / | 750w |
| 0:04 | Acolyte |
| 0:04 | Acolyte |
| 0:10 | Crypt |
| 0:32 | Graveyard |
| 0:42 | Altar of Darkness |
| 0:58 | Ziggurat |
| 1:11 | Ghoul |
| 1:30 | Tomb of Relics |
| 1:51 | Ghoul |
| 2:09 | Crypt Fiend |
| 2:14 | Ziggurat |
| 2:48 | Rod of Necromancy |
| 2:49 | Death Coil |
| 3:08 | Halls of the Dead |
| 3:25 | Crypt Fiend |
| 3:48 | Crypt Fiend |
| 4:03 | Unholy Aura |
| 4:08 | Ziggurat |
| 4:09 | Rod of Necromancy |
| 4:25 | Crypt Fiend |
| 5:31 | Acolyte |
| 5:33 | Death Coil |
| 5:49 | Slaughterhouse |
| 5:54 | Rod of Necromancy |
| 6:13 | Dust of Appearance |
| 6:29 | Frost Nova |
| 6:34 | Necropolis |
| 7:11 | Obsidian Statue |
| 7:26 | Crypt Fiend |
| 7:38 | Acolyte |
| 7:50 | Scroll of Town Portal |
| 7:59 | Acolyte |
| 8:10 | Ziggurat |
| 8:32 | Acolyte |
| 8:33 | Acolyte |
| 8:48 | Black Citadel |
| 9:03 | Ziggurat |
| 9:04 | Spirit Tower |
| 9:12 | Dust of Appearance |
| 9:16 | Potion of Healing |
| 9:22 | Crypt |
| 9:26 | Obsidian Statue |
| 9:47 | Frost Armor |
| 10:00 | Web |
| 10:27 | Spirit Tower |
| 10:33 | Creature Attack |
| 10:33 | Creature Carapace |
| 10:40 | Scroll of Town Portal |
| 11:19 | Crypt Fiend |
| 11:20 | Obsidian Statue |
| 11:44 | Crypt Fiend |
| 12:09 | Destroyer Form |
| 12:10 | Obsidian Statue |
| 12:38 | Gargoyle |
| 12:41 | Obsidian Statue |
| 12:58 | Orb of Corruption |
| 13:00 | Improved Creature Attack |
| 13:00 | Improved Creature Carapace |
| 13:02 | Obsidian Statue |
| 13:14 | Scroll of Town Portal |
| 13:30 | Crypt Fiend |
| 13:44 | Ziggurat |
| 14:31 | Death Pact |
| 14:47 | Obsidian Statue |
| 15:27 | Obsidian Statue |
| 15:28 | Crypt Fiend |
| 17:08 | Crypt Fiend |
| 17:40 | Advanced Creature Attack |
| 18:36 | Scroll of Town Portal |
| 18:49 | Frost Nova |
| 18:56 | Disease Cloud |
| 19:10 | Potion of Lesser Invulnerability |
| 19:11 | Advanced Creature Carapace |
| 20:22 | Death Coil |
| 20:50 | Frost Armor |
| 21:43 | Crypt Fiend |
| 21:44 | Abomination |
| 23:05 | Obsidian Statue |
| 23:05 | Crypt Fiend |
| 23:21 | Unholy Aura |
| 23:34 | Frost Nova |
| 24:10 | Crypt Fiend |
| 24:11 | Abomination |
| 24:30 | Slaughterhouse |
| Select group | 1260 |
| Right click | 1112 |
| Select | 537 |
| Misc. action | 213 |
| Build/train/purchase | 112 |
| Use ability | 112 |
| Assign group | 44 |
| Item give/drop | 10 |
| Minimap ping | 8 |
| Chat | 7 |
| Remove unit | 1 |


| Rod of Necromancy | 1 | 150 |
| Sacrificial Skull | 1 | 50 |
| Ritual Dagger | 1 | 125 |
| Potion of Healing | 1 | 150 |
| Potion of Mana | 2 | 400 |
| Orb of Corruption | 1 | 375 |
| Scroll of Town Portal | 4 | 1400 |
| Boots of Speed | 1 | 250 |
| Circlet of Nobility | 1 | 175 |
| total: | 13 | 3075g |
| Acolyte | 12 | 900 | / | 0 |
| Ghoul | 19 | 2280 | / | 0 |
| Crypt Fiend | 5 | 1075 | / | 200 |
| Obsidian Statue | 3 | 600 | / | 105 |
| Abomination | 3 | 720 | / | 210 |
| total: | 42 | 5575g | / | 515w |
| Nerubian Tower | 2 | 200 | / | 40 |
| Spirit Tower | 5 | 725 | / | 200 |
| Crypt | 2 | 400 | / | 100 |
| Altar of Darkness | 2 | 360 | / | 100 |
| Ziggurat | 16 | 2400 | / | 800 |
| Tomb of Relics | 2 | 260 | / | 60 |
| Necropolis | 2 | 450 | / | 0 |
| Graveyard | 1 | 215 | / | 0 |
| Slaughterhouse | 2 | 280 | / | 270 |
| Halls of the Dead | 1 | 320 | / | 210 |
| Black Citadel | 1 | 325 | / | 230 |
| total: | 27 | 4365g | / | 1330w |
| 0:06 | Acolyte |
| 0:11 | Crypt |
| 0:15 | Altar of Darkness |
| 0:26 | Ziggurat |
| 0:35 | Acolyte |
| 0:52 | Tomb of Relics |
| 1:15 | Ghoul |
| 1:27 | Ghoul |
| 1:39 | Ziggurat |
| 1:52 | Ghoul |
| 2:05 | Ghoul |
| 2:19 | Carrion Beetles |
| 2:25 | Ghoul |
| 2:52 | Acolyte |
| 2:53 | Ghoul |
| 2:55 | Ziggurat |
| 3:03 | Rod of Necromancy |
| 3:20 | Ghoul |
| 4:17 | Acolyte |
| 4:18 | Acolyte |
| 4:19 | Ghoul |
| 4:22 | Impale |
| 4:51 | Acolyte |
| 4:52 | Ghoul |
| 5:10 | Ghoul |
| 5:11 | Acolyte |
| 5:28 | Necropolis |
| 5:50 | Graveyard |
| 6:00 | Impale |
| 6:09 | Nerubian Tower |
| 6:18 | Sacrificial Skull |
| 6:18 | Ritual Dagger |
| 6:25 | Ghoul |
| 6:37 | Ziggurat |
| 6:38 | Ziggurat |
| 7:02 | Ghoul |
| 7:04 | Ghoul |
| 7:07 | Ziggurat |
| 7:10 | Ziggurat |
| 7:50 | Halls of the Dead |
| 7:52 | Nerubian Tower |
| 7:54 | Spirit Tower |
| 8:06 | Boots of Speed |
| 8:12 | Spirit Tower |
| 8:50 | Ziggurat |
| 8:54 | Crypt Fiend |
| 8:57 | Crypt |
| 8:59 | Creature Carapace |
| 8:59 | Creature Attack |
| 9:53 | Spiked Carapace |
| 9:59 | Crypt Fiend |
| 10:03 | Ziggurat |
| 10:04 | Acolyte |
| 10:16 | Black Citadel |
| 10:20 | Web |
| 10:42 | Improved Creature Carapace |
| 10:44 | Ghoul |
| 10:53 | Circlet of Nobility |
| 11:18 | Spirit Tower |
| 11:41 | Crypt Fiend |
| 11:44 | Improved Creature Attack |
| 11:48 | Ziggurat |
| 12:21 | Crypt Fiend |
| 12:41 | Slaughterhouse |
| 12:43 | Slaughterhouse |
| 12:49 | Potion of Healing |
| 12:50 | Potion of Mana |
| 12:52 | Potion of Mana |
| 13:05 | Orb of Corruption |
| 13:17 | Ziggurat |
| 13:19 | Ziggurat |
| 13:56 | Scroll of Town Portal |
| 14:03 | Destroyer Form |
| 14:04 | Obsidian Statue |
| 14:37 | Spirit Tower |
| 14:39 | Spirit Tower |
| 14:53 | Ziggurat |
| 15:01 | Ziggurat |
| 15:27 | Tomb of Relics |
| 15:30 | Death Coil |
| 15:44 | Impale |
| 15:59 | Altar of Darkness |
| 16:03 | Ziggurat |
| 16:03 | Ziggurat |
| 16:07 | Acolyte |
| 16:38 | Abomination |
| 16:40 | Disease Cloud |
| 16:41 | Crypt Fiend |
| 16:56 | Scroll of Town Portal |
| 16:56 | Scroll of Town Portal |
| 18:37 | Abomination |
| 18:44 | Ghoul |
| 18:47 | Ghoul |
| 18:52 | Acolyte |
| 18:53 | Acolyte |
| 18:53 | Acolyte |
| 19:23 | Scroll of Town Portal |
| 19:43 | Abomination |
| 20:12 | Unholy Aura |
| 20:58 | Death Coil |
| 22:17 | Necropolis |
| 23:21 | Locust Swarm |
| 24:19 | Ghoul |
| 24:21 | Ghoul |
| 25:38 | Obsidian Statue |
| 26:27 | Obsidian Statue |
| 26:30 | Ghoul |
| Right click | 501 |
| Select | 366 |
| Select group | 350 |
| Misc. action | 188 |
| Build/train/purchase | 108 |
| Use ability | 55 |
| Assign group | 39 |
| Chat | 18 |
| Esc | 5 |
| Item give/drop | 4 |
| Minimap ping | 1 |
⇛